[Event "POL-chT 2 Liga 2019"]
[Site "Poronin"]
[Date "2019.09.12"]
[Round "6.41"]
[White "Rawski, Slawomir"]
[Black "Krawiec, Grzegorz"]
[Result "0-1"]
[ECO "A04"]
[WhiteElo "2056"]
[BlackElo "1792"]
[Annotator "NA"]
[PlyCount "48"]
[EventDate "2019.09.07"]
[EventType "team-tourn"]
[EventCountry "POL"]
[SourceTitle "playchess.com"]
[Source "ChessBase"]
[SourceQuality "1"]
[TimeControl "40/5400+30:1800+30"]

1. Nf3 c5 2. b3 d6 3. Bb2 e5 4. e3 Nf6 5. d4 exd4 6. exd4 Be7 7. Bd3 Bg4 8. O-O O-O 9. Re1 Nbd7 10. c4 d5 11. Qe2 Re8 12. cxd5 Nb6 13. Bb5 Bd7 14. Ne5 Bxb5 15. Qxb5 cxd4 16. Bxd4 Qxd5 17. Qxd5 Nfxd5 18. Nc3 Bb4 19. Nxd5 Nxd5 20. Red1 Nc3 21. a3 Nxd1 22. axb4 Rad8 23. Rxd1 Rxe5 24. Rc1 Red5 0-1

[Event "POL-chT 2 Liga 2019"]
[Site "Poronin"]
[Date "2019.09.12"]
[Round "6.42"]
[White "Karykowska, Anna"]
[Black "Dziodzio, Angelika"]
[Result "1-0"]
[ECO "B07"]
[WhiteElo "1895"]
[BlackElo "2117"]
[Annotator "NA"]
[PlyCount "63"]
[EventDate "2019.09.07"]
[EventType "team-tourn"]
[EventCountry "POL"]
[SourceTitle "playchess.com"]
[Source "ChessBase"]
[SourceQuality "1"]
[TimeControl "40/5400+30:1800+30"]

1. e4 d6 2. d4 Nf6 3. Nc3 Nbd7 4. g4 h6 5. h3 e5 6. Nge2 g5 7. Ng3 exd4 8. Qxd4 Ne5 9. Bg2 Be6 10. Nf5 Rg8 11. f4 gxf4 12. Bxf4 Nfxg4 13. hxg4 Rxg4 14. Qf2 Ng6 15. Be3 Ne5 16. O-O-O Nc4 17. Bf3 Nxe3 18. Qxe3 Rg6 19. Bh5 Rg5 20. Nd5 c6 21. Nd4 Kd7 22. Nc3 Qa5 23. Qf4 Rg7 24. Nf5 Bxf5 25. exf5 d5 26. f6 Rg2 27. Bg4+ Kd8 28. Qf5 Kc7 29. Nxd5+ cxd5 30. Rxd5 Qb4 31. Rd7+ Kb6 32. Bf3 1-0

[Event "POL-chT 2 Liga 2019"]
[Site "Poronin"]
[Date "2019.09.12"]
[Round "6.43"]
[White "Budrewicz, Krzysztof"]
[Black "Chojnacki, Krzysztof"]
[Result "0-1"]
[ECO "D30"]
[WhiteElo "2275"]
[BlackElo "2362"]
[Annotator "NA"]
[PlyCount "128"]
[EventDate "2019.09.07"]
[EventType "team-tourn"]
[EventCountry "POL"]
[SourceTitle "playchess.com"]
[Source "ChessBase"]
[SourceQuality "1"]
[TimeControl "40/5400+30:1800+30"]

1. d4 d5 2. c4 e6 3. Nf3 a6 4. cxd5 exd5 5. Nc3 Nf6 6. Bg5 Be6 7. e3 Nbd7 8. Bd3 h6 9. Bh4 g5 10. Bg3 Nh5 11. Be5 Ng7 12. h3 Nxe5 13. Nxe5 Bd6 14. O-O c6 15. Rc1 h5 16. f4 gxf4 17. Rxf4 Bxe5 18. dxe5 Qg5 19. Qf3 Qxe5 20. e4 d4 21. Na4 Qa5 22. b3 Qd2 23. Rc2 Qe3+ 24. Qxe3 dxe3 25. Re2 Rd8 26. Rxe3 Ke7 27. Ref3 Kd6 28. Nb6 Kc5 29. Nc4 Rhf8 30. a3 b5 31. b4+ Kd4 32. Na5 Rc8 33. Nb7 Ke5 34. Nc5 Ra8 35. Bc2 a5 36. Nd3+ Kd6 37. e5+ Ke7 38. Rf2 axb4 39. axb4 Ra2 40. Nc5 Rb2 41. Nxe6 Nxe6 42. Rh4 Ra8 43. Bd3 Rb3 44. Bf1 Ra4 45. Rxh5 Rbxb4 46. g3 Ra3 47. Kh2 Nd4 48. Bg2 Rbb3 49. g4 Nf3+ 50. Kh1 Rb1+ 51. Bf1 Re1 52. Kg2 Nxe5 53. Rhf5 Ree3 54. Rc2 b4 55. Kf2 Rf3+ 56. Rxf3 Rxf3+ 57. Ke2 b3 58. Rc1 Kd6 59. h4 Rf4 60. Rb1 Rxg4 61. Rxb3 Rxh4 62. Bg2 Ra4 63. Rb2 Ra3 64. Be4 Nc4 0-1

[Event "POL-chT 2 Liga 2019"]
[Site "Poronin"]
[Date "2019.09.12"]
[Round "6.44"]
[White "Raczynski, Krzysztof"]
[Black "Kaczmarek, Arkadiusz"]
[Result "1-0"]
[ECO "C00"]
[WhiteElo "2244"]
[BlackElo "2061"]
[Annotator "NA"]
[PlyCount "115"]
[EventDate "2019.09.07"]
[EventType "team-tourn"]
[EventCountry "POL"]
[SourceTitle "playchess.com"]
[Source "ChessBase"]
[SourceQuality "1"]
[TimeControl "40/5400+30:1800+30"]

1. e4 e6 2. d3 d5 3. Nd2 c5 4. Ngf3 Nf6 5. g3 Nc6 6. Bg2 Be7 7. O-O O-O 8. e5 Nd7 9. Re1 b5 10. Nf1 a5 11. h4 b4 12. h5 a4 13. h6 g6 14. a3 bxa3 15. bxa3 Ba6 16. Bf4 Rb8 17. Ne3 Rb6 18. Ng4 Nd4 19. Nxd4 cxd4 20. Nh2 Nb8 21. Nf3 Nc6 22. Qd2 Qd7 23. Bg5 Rc8 24. Bxe7 Qxe7 25. Qf4 Rb2 26. Rec1 Qc5 27. Bh3 Qe7 28. Kg2 Kf8 29. Nxd4 Nxd4 30. Qxd4 Rcxc2 31. Rxc2 Rxc2 32. Rb1 Qc5 33. Qf4 Bc8 34. Rb8 Ke8 35. Qxa4+ Kd8 36. Qf4 Qc7 37. Qf6+ Qe7 38. Qf4 Kc7 39. Rb1 Bb7 40. d4 Ba6 41. Rc1 Rxc1 42. Qxc1+ Bc4 43. Qc3 Kb6 44. Qc1 Bb5 45. Bg4 Bc4 46. Bd1 Ka6 47. Ba4 Ka5 48. Bc2 Ka6 49. Bd1 Qb7 50. Qc2 Qe7 51. Qa4+ Kb6 52. Qa8 Qg5 53. Qb8+ Ka6 54. Qd6+ Ka5 55. Qc7+ Kb5 56. Qb7+ Ka5 57. Qa7+ Kb5 58. Ba4# 1-0

[Event "POL-chT 2 Liga 2019"]
[Site "Poronin"]
[Date "2019.09.12"]
[Round "6.45"]
[White "Malczyk, Radoslaw"]
[Black "Bardeli, Lukasz"]
[Result "0-1"]
[ECO "D91"]
[WhiteElo "2072"]
[BlackElo "2144"]
[Annotator "NA"]
[PlyCount "66"]
[EventDate "2019.09.07"]
[EventType "team-tourn"]
[EventCountry "POL"]
[SourceTitle "playchess.com"]
[Source "ChessBase"]
[SourceQuality "1"]
[TimeControl "40/5400+30:1800+30"]

1. d4 Nf6 2. Nf3 g6 3. c4 Bg7 4. Nc3 d5 5. Bg5 Ne4 6. cxd5 Nxg5 7. Nxg5 e6 8. Qd2 h6 9. Nge4 exd5 10. Nc5 O-O 11. e3 b6 12. Nb3 a5 13. a4 Nc6 14. Be2 Nb4 15. O-O Bf5 16. Rfc1 Qe7 17. Bf3 Rfd8 18. Na2 Nd3 19. Rc3 c5 20. Nac1 Nxc1 21. Nxc1 cxd4 22. Rb3 dxe3 23. fxe3 Rac8 24. Nd3 Be4 25. Rc1 Bxf3 26. Rxc8 Rxc8 27. gxf3 Qg5+ 28. Kf1 d4 29. f4 Qd5 30. Rxb6 dxe3 31. Qxe3 Bd4 32. Qh3 Qh1+ 33. Ke2 Rc2# 0-1

[Event "POL-chT 2 Liga 2019"]
[Site "Poronin"]
[Date "2019.09.12"]
[Round "6.46"]
[White "Butyrowski, Marcel"]
[Black "Hrymowicz, Artur"]
[Result "1-0"]
[ECO "A50"]
[WhiteElo "1873"]
[BlackElo "2021"]
[Annotator "NA"]
[PlyCount "70"]
[EventDate "2019.09.07"]
[EventType "team-tourn"]
[EventCountry "POL"]
[SourceTitle "playchess.com"]
[Source "ChessBase"]
[SourceQuality "1"]
[TimeControl "40/5400+30:1800+30"]

1. d4 Nf6 2. c4 b6 3. f3 Nc6 4. Nc3 e5 5. d5 Na5 6. e4 Nb7 7. Bd3 Bc5 8. Nge2 a5 9. Rb1 O-O 10. a3 Re8 11. b4 Bf8 12. O-O g6 13. Be3 Nh5 14. Qd2 d6 15. g4 Ng7 16. Ng3 Bd7 17. Nce2 Qc8 18. Kh1 Be7 19. g5 Rf8 20. f4 exf4 21. Nxf4 f6 22. gxf6 Bxf6 23. c5 bxc5 24. bxc5 Nxc5 25. Bxc5 dxc5 26. Bc4 Kh8 27. d6 Ne6 28. Nd5 Be5 29. dxc7 Rxf1+ 30. Rxf1 Ra7 31. Ne7 Qe8 32. Bxe6 Bxe6 33. Qd8 Ra8 34. Rd1 Bxc7 35. Qxc7 Qa4 1-0

[Event "POL-chT 2 Liga 2019"]
[Site "Poronin"]
[Date "2019.09.12"]
[Round "6.47"]
[White "Rak, Tomasz"]
[Black "Wojdak, Jan"]
[Result "0-1"]
[ECO "D46"]
[WhiteElo "1957"]
[BlackElo "1973"]
[Annotator "NA"]
[PlyCount "146"]
[EventDate "2019.09.07"]
[EventType "team-tourn"]
[EventCountry "POL"]
[SourceTitle "playchess.com"]
[Source "ChessBase"]
[SourceQuality "1"]
[TimeControl "40/5400+30:1800+30"]

1. Nf3 d5 2. d4 Nf6 3. c4 c6 4. Nc3 e6 5. e3 Bd6 6. Bd3 Nbd7 7. e4 dxe4 8. Nxe4 Nxe4 9. Bxe4 h6 10. O-O O-O 11. Re1 Nf6 12. Bc2 c5 13. dxc5 Bxc5 14. Be3 Bxe3 15. Rxe3 Qc7 16. Ne5 b6 17. Rc1 Bb7 18. Qe2 Rfd8 19. b4 a5 20. a3 axb4 21. axb4 Rd4 22. Rd1 Rxd1+ 23. Qxd1 Rd8 24. Rd3 Rxd3 25. Nxd3 Qxc4 26. Nc5 Bd5 27. Nd3 Ne4 28. h3 Qd4 29. Qe1 Qc3 30. Qxc3 Nxc3 31. Ne5 Ne2+ 32. Kf1 Nd4 33. Bd3 Nc6 34. Nxc6 Bxc6 35. g3 Kf8 36. Ke2 Ke7 37. f4 Kd6 38. Ke3 f6 39. h4 e5 40. Bg6 Bd7 41. Kd3 Be6 42. Be4 exf4 43. gxf4 g5 44. fxg5 fxg5 45. hxg5 hxg5 46. Kd4 g4 47. Bb7 g3 48. Ke3 Bd5 49. Bc8 Ke5 50. Bd7 g2 51. Kf2 Kd4 52. Be8 Kc4 53. b5 Kc5 54. Bd7 Bc4 55. Kxg2 Bxb5 56. Bf5 Kd4 57. Kf2 Bc6 58. Ke2 Kc3 59. Kd1 b5 60. Kc1 Bd5 61. Kb1 b4 62. Bg6 b3 63. Bf5 Bf3 64. Kc1 b2+ 65. Kb1 Kb3 66. Bg6 Ka3 67. Kc2 Ka2 68. Kc3 Ka1 69. Kb3 Bd5+ 70. Ka3 Ba2 71. Bc2 Bb1 72. Bb3 Be4 73. Ba2 Bf5 0-1

[Event "POL-chT 2 Liga 2019"]
[Site "Poronin"]
[Date "2019.09.12"]
[Round "6.48"]
[White "Szelag, Zuzanna"]
[Black "Zarebska, Lena"]
[Result "0-1"]
[ECO "B34"]
[WhiteElo "1824"]
[BlackElo "1901"]
[Annotator "NA"]
[PlyCount "84"]
[EventDate "2019.09.07"]
[EventType "team-tourn"]
[EventCountry "POL"]
[SourceTitle "playchess.com"]
[Source "ChessBase"]
[SourceQuality "1"]
[TimeControl "40/5400+30:1800+30"]

1. e4 c5 2. Nf3 Nc6 3. d4 cxd4 4. Nxd4 Nf6 5. Nc3 e5 6. Ndb5 d6 7. Nd5 Nxd5 8. exd5 Ne7 9. c4 Ng6 10. Qa4 Bd7 11. Qb4 Qb8 12. h4 h5 13. Bg5 a6 14. Nc3 a5 15. Qb3 a4 16. Qd1 Be7 17. Bxe7 Nxe7 18. Be2 Qc7 19. Ne4 Bf5 20. Ng5 Qb6 21. Qd2 Ng6 22. g3 e4 23. Rd1 Ne5 24. Qf4 Bg6 25. Nxe4 O-O 26. O-O Rfe8 27. Rd2 Nxc4 28. Nf6+ gxf6 29. Bxc4 Re4 30. Qxf6 Rxc4 31. Re1 Qd8 32. Qf3 Rac8 33. Rde2 Rc1 34. Qf4 Rxe1+ 35. Rxe1 Qd7 36. Qf6 Re8 37. Rc1 Re5 38. Rd1 Qe8 39. Kh2 Rf5 40. Qd4 Qe2 41. Kg2 Re5 42. b3 Be4+ 0-1

[Event "POL-chT 2 Liga 2019"]
[Site "Poronin"]
[Date "2019.09.12"]
[Round "6.49"]
[White "Mulet, Piotr"]
[Black "Psyk, Radoslaw"]
[Result "0-1"]
[ECO "B22"]
[WhiteElo "2230"]
[BlackElo "2314"]
[Annotator "NA"]
[PlyCount "54"]
[EventDate "2019.09.07"]
[EventType "team-tourn"]
[EventCountry "POL"]
[SourceTitle "playchess.com"]
[Source "ChessBase"]
[SourceQuality "1"]
[TimeControl "40/5400+30:1800+30"]

1. e4 c5 2. c3 g6 3. Bc4 Bg7 4. Nf3 Nc6 5. O-O e6 6. d4 cxd4 7. cxd4 d5 8. exd5 exd5 9. Bb5 Nge7 10. Bg5 O-O 11. Bxc6 bxc6 12. Re1 f6 13. Bd2 Rb8 14. b4 Nf5 15. a3 g5 16. Bc3 Nd6 17. Nfd2 g4 18. Nb3 f5 19. Bd2 f4 20. Qc1 g3 21. hxg3 fxg3 22. fxg3 Nf5 23. Bf4 Nxd4 24. Nxd4 Bxd4+ 25. Kh2 Rf5 26. Re3 Rxf4 27. gxf4 Qh4+ 0-1

[Event "POL-chT 2 Liga 2019"]
[Site "Poronin"]
[Date "2019.09.12"]
[Round "6.50"]
[White "Zochowski, Kacper"]
[Black "Galyga, Zbigniew"]
[Result "1-0"]
[ECO "A14"]
[WhiteElo "2267"]
[BlackElo "2117"]
[Annotator "NA"]
[PlyCount "83"]
[EventDate "2019.09.07"]
[EventType "team-tourn"]
[EventCountry "POL"]
[SourceTitle "playchess.com"]
[Source "ChessBase"]
[SourceQuality "1"]
[TimeControl "40/5400+30:1800+30"]

1. Nf3 d5 2. c4 e6 3. g3 Nf6 4. Bg2 Be7 5. O-O O-O 6. b3 c5 7. Bb2 Nc6 8. cxd5 exd5 9. d4 Be6 10. Nc3 Rc8 11. dxc5 Bxc5 12. Rc1 Qe7 13. Nb5 Ne4 14. Nfd4 Rfd8 15. e3 h6 16. Nxe6 Qxe6 17. Qh5 Bb6 18. Bh3 Qe8 19. Bxc8 Rxc8 20. Qg4 g6 21. Nd4 h5 22. Qd1 Bxd4 23. Bxd4 Qe6 24. f3 Ng5 25. Qd2 Re8 26. Kh1 h4 27. gxh4 Nh3 28. h5 Ne7 29. Qg2 Kh7 30. Qg4 Qxg4 31. fxg4 f5 32. Rc7 Kh6 33. hxg6 Kxg6 34. Kg2 fxg4 35. Rf6+ Kg5 36. Rd7 b6 37. b4 b5 38. a3 a6 39. Kf1 g3 40. hxg3 Kg4 41. Kg2 Nf5 42. Rxf5 1-0

[Event "POL-chT 2 Liga 2019"]
[Site "Poronin"]
[Date "2019.09.12"]
[Round "6.51"]
[White "Bachorczyk, Marcin"]
[Black "Wisniewski, Michal"]
[Result "1-0"]
[ECO "C44"]
[WhiteElo "2069"]
[BlackElo "2130"]
[Annotator "NA"]
[PlyCount "91"]
[EventDate "2019.09.07"]
[EventType "team-tourn"]
[EventCountry "POL"]
[SourceTitle "playchess.com"]
[Source "ChessBase"]
[SourceQuality "1"]
[TimeControl "40/5400+30:1800+30"]

1. e4 Nf6 2. d3 e5 3. Nf3 Nc6 4. Nbd2 d5 5. Be2 Bc5 6. O-O O-O 7. c3 a5 8. h3 Re8 9. a4 Ba7 10. Re1 h6 11. Bf1 Qd6 12. exd5 Nxd5 13. Nc4 Qf6 14. d4 e4 15. Nfd2 Bf5 16. Ne3 Nxe3 17. Rxe3 Nd8 18. Nc4 Ne6 19. Qb3 b6 20. Rg3 Bb8 21. Qb5 c6 22. Qxc6 Bxg3 23. fxg3 Rab8 24. Be3 Rec8 25. Qb5 Nc7 26. Qe5 Qxe5 27. dxe5 Nd5 28. Bd4 Rd8 29. Nd6 Bg6 30. Bc4 Ne7 31. Rf1 Rf8 32. Bb5 Rfd8 33. Bc4 Rf8 34. Bb5 Rfd8 35. g4 h5 36. gxh5 Bxh5 37. g4 Bg6 38. Bc4 Rf8 39. h4 Nc8 40. h5 Nxd6 41. exd6 Bh7 42. g5 Kh8 43. h6 f6 44. gxf6 gxf6 45. Rxf6 Rxf6 46. Bxf6# 1-0

[Event "POL-chT 2 Liga 2019"]
[Site "Poronin"]
[Date "2019.09.12"]
[Round "6.52"]
[White "Adamczewski, Maciej"]
[Black "Sroka, Janusz"]
[Result "1-0"]
[ECO "A53"]
[WhiteElo "2109"]
[BlackElo "1876"]
[Annotator "NA"]
[PlyCount "95"]
[EventDate "2019.09.07"]
[EventType "team-tourn"]
[EventCountry "POL"]
[SourceTitle "playchess.com"]
[Source "ChessBase"]
[SourceQuality "1"]
[TimeControl "40/5400+30:1800+30"]

1. d4 Nf6 2. c4 d6 3. Nf3 Nbd7 4. g3 e5 5. Bg2 Be7 6. O-O O-O 7. Nc3 Re8 8. h3 h6 9. Be3 Bf8 10. Qc2 c6 11. Rfd1 Qe7 12. b3 a6 13. Rac1 g6 14. Nd2 Kh7 15. dxe5 dxe5 16. Na4 Qe6 17. Kh2 Ba3 18. Ra1 Bf8 19. a3 Bg7 20. Rab1 Nh5 21. Ne4 f5 22. Nec5 Qf7 23. Rxd7 Bxd7 24. Nxb7 f4 25. Nd6 Qe6 26. Nxe8 Qxe8 27. Bc5 fxg3+ 28. fxg3 e4 29. Qxe4 Be5 30. Bf2 Qe7 31. Rd1 Bf5 32. Qxc6 Rc8 33. Qf3 Qh4 34. Rd5 Qe7 35. e4 Bd7 36. Nb6 Rc7 37. Nxd7 Rxd7 38. Bf1 Rxd5 39. exd5 Qxa3 40. Bd3 Kg7 41. Qg4 Qd6 42. Be4 Qf6 43. Kg2 Qf7 44. Bf3 Nf6 45. Qc8 a5 46. Qc5 Bc3 47. Bd4 Bxd4 48. Qxd4 1-0

[Event "POL-chT 2 Liga 2019"]
[Site "Poronin"]
[Date "2019.09.12"]
[Round "6.53"]
[White "Jablonski, Hubert"]
[Black "Hasterok, Mateusz"]
[Result "0-1"]
[ECO "B24"]
[WhiteElo "1576"]
[BlackElo "1985"]
[Annotator "NA"]
[PlyCount "54"]
[EventDate "2019.09.07"]
[EventType "team-tourn"]
[EventCountry "POL"]
[SourceTitle "playchess.com"]
[Source "ChessBase"]
[SourceQuality "1"]
[TimeControl "40/5400+30:1800+30"]

1. e4 c5 2. Nc3 Nc6 3. Bc4 e6 4. f4 Nge7 5. d3 g6 6. Nf3 Bg7 7. O-O O-O 8. Qe1 d5 9. Bb3 a6 10. a4 Nd4 11. Nxd4 cxd4 12. Ne2 dxe4 13. dxe4 d3 14. Ng3 h5 15. e5 h4 16. Ne4 Nf5 17. Be3 dxc2 18. Bxc2 Bd7 19. Rd1 Qc7 20. Bb3 Bc6 21. Nd6 Nxd6 22. Rxd6 Rfd8 23. Rxd8+ Qxd8 24. Qd2 Qxd2 25. Bxd2 Rd8 26. Rd1 h3 27. g3 Bf3 0-1

[Event "POL-chT 2 Liga 2019"]
[Site "Poronin"]
[Date "2019.09.12"]
[Round "6.54"]
[White "Poznanska, Katarzyna"]
[Black "Jakubiec, Edyta"]
[Result "1/2-1/2"]
[ECO "B53"]
[WhiteElo "2082"]
[BlackElo "2221"]
[Annotator "NA"]
[PlyCount "72"]
[EventDate "2019.09.07"]
[EventType "team-tourn"]
[EventCountry "POL"]
[SourceTitle "playchess.com"]
[Source "ChessBase"]
[SourceQuality "1"]
[TimeControl "40/5400+30:1800+30"]

1. e4 c5 2. Nf3 d6 3. d4 cxd4 4. Qxd4 Nc6 5. Bb5 Bd7 6. Bxc6 Bxc6 7. Nc3 e5 8. Qd3 h6 9. O-O Nf6 10. Rd1 a6 11. a4 Be7 12. a5 O-O 13. Be3 Qd7 14. Nd2 Qe6 15. Nf1 Rad8 16. Bb6 Rd7 17. Ne3 Nh5 18. Ncd5 Nf4 19. Nxf4 exf4 20. Nd5 Bg5 21. c4 f5 22. Re1 fxe4 23. Rxe4 Qg6 24. f3 Rdf7 25. Rae1 Bd7 26. Qe2 Qh5 27. Bd4 Bd8 28. b4 Bh4 29. Bf2 Bd8 30. Qd2 g5 31. Ne7+ Bxe7 32. Rxe7 Qg6 33. Rxf7 Rxf7 34. Qd5 Bc6 35. Qe6 Kh7 36. Qxg6+ Kxg6 1/2-1/2

[Event "POL-chT 2 Liga 2019"]
[Site "Poronin"]
[Date "2019.09.13"]
[Round "7.1"]
[White "Goluch, Piotr"]
[Black "Lewicki, Miroslaw"]
[Result "1-0"]
[ECO "E06"]
[WhiteElo "2428"]
[BlackElo "2351"]
[Annotator "NA"]
[PlyCount "117"]
[EventDate "2019.09.07"]
[EventType "team-tourn"]
[EventCountry "POL"]
[SourceTitle "playchess.com"]
[Source "ChessBase"]
[SourceQuality "1"]
[TimeControl "40/5400+30:1800+30"]

1. d4 Nf6 2. c4 e6 3. g3 d5 4. Nf3 Be7 5. Bg2 O-O 6. O-O b6 7. cxd5 exd5 8. Nc3 Bb7 9. Bf4 Na6 10. Qc2 c5 11. Rfd1 h6 12. Rac1 Re8 13. dxc5 bxc5 14. Ne5 Qb6 15. Qf5 Rad8 16. Nxd5 Bxd5 17. Bxd5 Rxd5 18. Rxd5 g6 19. Nd7 gxf5 20. Nxb6 axb6 21. Rxf5 Kg7 22. a3 Kg6 23. e4 Nxe4 24. Re5 Ng5 25. Bxg5 hxg5 26. Rce1 Kf6 27. f4 g4 28. h3 c4 29. Kh2 Nb8 30. hxg4 Nc6 31. Rh5 Kg7 32. Re4 c3 33. bxc3 Rd8 34. a4 Rd2+ 35. Kh3 Bc5 36. g5 Ne7 37. Kg4 Nd5 38. Re8 Rd3 39. Rhh8 f5+ 40. Kxf5 Ne7+ 41. Kg4 Rxc3 42. Rd8 Rc4 43. Kh5 Rc1 44. Rhe8 Rh1+ 45. Kg4 Ra1 46. Ra8 Rf1 47. Red8 Kg6 48. Rd7 Rf2 49. a5 bxa5 50. Rxa5 Bb4 51. Rb5 Ba3 52. Ra7 Bd6 53. Rd7 Ba3 54. Ra5 Bb4 55. Ra4 Bc5 56. Re4 Kf7 57. f5 Kf8 58. f6 Nf5 59. Ra4 1-0

[Event "POL-chT 2 Liga 2019"]
[Site "Poronin"]
[Date "2019.09.13"]
[Round "7.2"]
[White "Kozak, Antoni"]
[Black "Lukasiewicz, Krzysztof"]
[Result "1-0"]
[ECO "A06"]
[WhiteElo "2341"]
[BlackElo "2254"]
[Annotator "NA"]
[PlyCount "99"]
[EventDate "2019.09.07"]
[EventType "team-tourn"]
[EventCountry "POL"]
[SourceTitle "playchess.com"]
[Source "ChessBase"]
[SourceQuality "1"]
[TimeControl "40/5400+30:1800+30"]

1. Nf3 d5 2. e3 Nf6 3. c4 e6 4. b3 Bd6 5. Bb2 Nbd7 6. Nc3 b6 7. Qc2 a6 8. cxd5 exd5 9. Nxd5 Nxd5 10. Qe4+ Qe7 11. Qxd5 Rb8 12. Bxg7 Rg8 13. Bc3 Nf6 14. Bxf6 Qxf6 15. Qd4 Qh6 16. Bxa6 Bxa6 17. Qa4+ Kf8 18. Qxa6 Rxg2 19. Ke2 Bxh2 20. Qa7 Re8 21. Qxc7 Qf6 22. Qc3 Be5 23. Qb4+ Bd6 24. Qh4 Qf5 25. Qh6+ Ke7 26. Rh5 Qc8 27. Qxh7 Qa6+ 28. d3 Qa3 29. Nd2 Qb2 30. Qe4+ Kf8 31. Qxg2 Qxa1 32. Qh1 Qxh1 33. Rxh1 Ke7 34. a4 Rb8 35. Rh5 Ke6 36. Rb5 Bc7 37. Nc4 Kd7 38. d4 Kc6 39. d5+ Kd7 40. a5 bxa5 41. Rxb8 Bxb8 42. Nxa5 Kd6 43. e4 f5 44. f3 fxe4 45. fxe4 Bc7 46. Nc6 Kc5 47. Kd3 Bd6 48. b4+ Kb5 49. e5 Bc7 50. Ke4 1-0

[Event "POL-chT 2 Liga 2019"]
[Site "Poronin"]
[Date "2019.09.13"]
[Round "7.3"]
[White "Jankowiak, Tomasz"]
[Black "Mis, Mieszko"]
[Result "0-1"]
[ECO "B12"]
[WhiteElo "2075"]
[BlackElo "2320"]
[Annotator "NA"]
[PlyCount "52"]
[EventDate "2019.09.07"]
[EventType "team-tourn"]
[EventCountry "POL"]
[SourceTitle "playchess.com"]
[Source "ChessBase"]
[SourceQuality "1"]
[TimeControl "40/5400+30:1800+30"]

1. e4 c6 2. d4 d5 3. e5 Bf5 4. h4 h6 5. g4 Be4 6. f3 Bh7 7. e6 Qd6 8. exf7+ Kxf7 9. Bd3 Bxd3 10. Qxd3 Nd7 11. Ne2 e5 12. Nbc3 Ngf6 13. h5 exd4 14. Nxd4 Re8+ 15. Nce2 Ne5 16. Qf5 c5 17. Nb5 Qc6 18. a4 a6 19. Nbc3 d4 20. O-O dxc3 21. f4 Nf3+ 22. Kf2 Nh4 23. Qd3 Nxg4+ 24. Ke1 Ng2+ 25. Kd1 N4e3+ 26. Bxe3 Nxe3+ 0-1

[Event "POL-chT 2 Liga 2019"]
[Site "Poronin"]
[Date "2019.09.13"]
[Round "7.4"]
[White "Szpar, Milosz"]
[Black "Jankowiak, Piotr"]
[Result "1-0"]
[ECO "A06"]
[WhiteElo "2309"]
[BlackElo "1999"]
[Annotator "NA"]
[PlyCount "57"]
[EventDate "2019.09.07"]
[EventType "team-tourn"]
[EventCountry "POL"]
[SourceTitle "playchess.com"]
[Source "ChessBase"]
[SourceQuality "1"]
[TimeControl "40/5400+30:1800+30"]

1. Nf3 d5 2. g3 Nf6 3. Bg2 g6 4. O-O Bg7 5. c4 c6 6. d3 O-O 7. Nc3 dxc4 8. dxc4 Qxd1 9. Nxd1 a5 10. Be3 Be6 11. Rc1 a4 12. b3 axb3 13. axb3 Na6 14. Nc3 Ng4 15. Bb6 Ne5 16. Ng5 Bc8 17. Na4 h6 18. Ne4 Nd7 19. Be3 f5 20. Nec3 Nb4 21. Rfd1 Ra5 22. Bd2 Ra8 23. Nd5 cxd5 24. Bxb4 dxc4 25. Rxc4 Rb8 26. Rc7 b5 27. Nc3 Nf6 28. Rxe7 Rb6 29. Rxg7+ 1-0

[Event "POL-chT 2 Liga 2019"]
[Site "Poronin"]
[Date "2019.09.13"]
[Round "7.5"]
[White "Dryja, Szymon"]
[Black "Mika, Tomasz"]
[Result "1/2-1/2"]
[ECO "D11"]
[WhiteElo "1854"]
[BlackElo "2136"]
[Annotator "NA"]
[PlyCount "53"]
[EventDate "2019.09.07"]
[EventType "team-tourn"]
[EventCountry "POL"]
[SourceTitle "playchess.com"]
[Source "ChessBase"]
[SourceQuality "1"]
[TimeControl "40/5400+30:1800+30"]

1. d4 d5 2. c4 c6 3. Nf3 Nf6 4. e3 e6 5. b3 Bd6 6. Bd3 Nbd7 7. Bb2 b6 8. O-O O-O 9. Nbd2 Bb7 10. Rc1 Qe7 11. Re1 Rfd8 12. Qc2 Rac8 13. Qb1 Ba3 14. Bxa3 Qxa3 15. b4 Rc7 16. e4 dxe4 17. Nxe4 a5 18. Neg5 Nf8 19. bxa5 Qxa5 20. c5 bxc5 21. dxc5 Ra8 22. Ne5 Ba6 23. Bxa6 Qxa6 24. Qb6 Qc8 25. Qb3 Qa6 26. Qb6 Qc8 27. Qb3 1/2-1/2

[Event "POL-chT 2 Liga 2019"]
[Site "Poronin"]
[Date "2019.09.13"]
[Round "7.6"]
[White "Swiech, Joanna"]
[Black "Czarniecka, Aleksandra"]
[Result "1/2-1/2"]
[ECO "A41"]
[WhiteElo "2055"]
[BlackElo "2003"]
[Annotator "NA"]
[PlyCount "65"]
[EventDate "2019.09.07"]
[EventType "team-tourn"]
[EventCountry "POL"]
[SourceTitle "playchess.com"]
[Source "ChessBase"]
[SourceQuality "1"]
[TimeControl "40/5400+30:1800+30"]

1. d4 d6 2. c4 e5 3. d5 f5 4. Nc3 Nf6 5. e3 g6 6. Bd3 Bg7 7. Nge2 O-O 8. f4 e4 9. Bc2 c6 10. dxc6 bxc6 11. O-O Be6 12. b3 Qc7 13. Qd2 Na6 14. Nd4 Bf7 15. Bb2 Rab8 16. Bd1 Nc5 17. Be2 a5 18. Ba3 Rfd8 19. Rac1 Ne6 20. Nxe6 Bxe6 21. Rfd1 Ne8 22. Bf1 Qb6 23. Ne2 c5 24. Nc3 Nc7 25. Bb2 Rd7 26. Na4 Qb4 27. Bxg7 Kxg7 28. Rc2 Kf7 29. Qf2 Ne8 30. Rcd2 Rbd8 31. Rc2 Rb8 32. Rcd2 Rbd8 33. Rc2 1/2-1/2

[Event "POL-chT 2 Liga 2019"]
[Site "Poronin"]
[Date "2019.09.13"]
[Round "7.7"]
[White "Bator, Robert"]
[Black "Oglaza, Oskar"]
[Result "1/2-1/2"]
[ECO "A05"]
[WhiteElo "2358"]
[BlackElo "2351"]
[Annotator "NA"]
[PlyCount "85"]
[EventDate "2019.09.07"]
[EventType "team-tourn"]
[EventCountry "POL"]
[SourceTitle "playchess.com"]
[Source "ChessBase"]
[SourceQuality "1"]
[TimeControl "40/5400+30:1800+30"]

1. Nf3 Nf6 2. c4 e6 3. g3 a6 4. Bg2 c5 5. O-O Be7 6. Nc3 O-O 7. d4 cxd4 8. Nxd4 Qc7 9. Qd3 Nc6 10. b3 Rb8 11. Bb2 Nxd4 12. Qxd4 b5 13. cxb5 axb5 14. Rfc1 Qa5 15. a3 b4 16. axb4 Qxb4 17. Qxb4 Bxb4 18. Ne4 Nxe4 19. Bxe4 Bb7 20. Bxb7 Rxb7 21. Ba3 Bxa3 22. Rxa3 Rfb8 23. Rc3 g5 24. h3 Kg7 25. Kf1 Kf6 26. e3 d5 27. Ke2 h5 28. Kd3 Ke5 29. f3 Rb4 30. Ra7 f6 31. Rh7 Rxb3 32. Rxh5 Rxc3+ 33. Kxc3 Kf5 34. h4 Kg6 35. g4 gxh4 36. Rxh4 Rb1 37. Kd3 e5 38. Rh8 Rb3+ 39. Ke2 Rb2+ 40. Ke1 Kf7 41. Rd8 Ke6 42. Kf1 Ra2 43. Ke1 1/2-1/2

[Event "POL-chT 2 Liga 2019"]
[Site "Poronin"]
[Date "2019.09.13"]
[Round "7.8"]
[White "Pacan-Milej, Kosma"]
[Black "Marszalek, Maciej"]
[Result "0-1"]
[ECO "A56"]
[WhiteElo "2287"]
[BlackElo "2301"]
[Annotator "NA"]
[PlyCount "66"]
[EventDate "2019.09.07"]
[EventType "team-tourn"]
[EventCountry "POL"]
[SourceTitle "playchess.com"]
[Source "ChessBase"]
[SourceQuality "1"]
[TimeControl "40/5400+30:1800+30"]

1. d4 Nf6 2. c4 c5 3. d5 g6 4. Nc3 d6 5. e4 Bg7 6. Nf3 O-O 7. Be2 e6 8. Be3 exd5 9. cxd5 Re8 10. Nd2 Nbd7 11. O-O a6 12. a4 Rb8 13. Qc2 h6 14. h3 g5 15. Rab1 Ne5 16. b4 cxb4 17. Rxb4 g4 18. Bb6 Qe7 19. hxg4 Bxg4 20. Bxg4 Nfxg4 21. f3 Nd7 22. fxg4 Nxb6 23. Ne2 Nxd5 24. exd5 Qxe2 25. Rc4 b5 26. Rc7 Bd4+ 27. Kh2 Qxg4 28. Nf3 Qh5+ 29. Kg3 Bg7 30. Qc6 Qg6+ 31. Kh2 bxa4 32. Nh4 Qg4 33. Nf5 Re2 0-1